AoeStats
← DKing

Black Forest

509619307Analyzed
4v4 RM · 4d ago on Sep 27, 2026· 45m 55s· 8 players
Game mode
Random Map
Map size
Large (8 player)
Population
200
Speed
Normal
Resources
Standard
Victory
Conquest
Starting age
Dark Age
Ending age
Imperial Age
RankedLock teamsTeams togetherTeam positionsShared explorationLock speedFull tech treeHidden civsTurbo modeCheats
Victory
Defeat
🇷🇺 Britons · Russia
1307
+13
🇺🇦 Varangians · Ukraine
1295
+14
🇺🇦 Bohemians · Ukraine
1268
+15
🇷🇺 Saracens · Russia
1222
+18
🇩🇪 Jurchens · Germany
1264
-16
🇵🇹 Khmer · Portugal
1258
-15
🇮🇳 Mongols · India
1245
-15
🇮🇳 Italians · India
1219
-14
Panzarx
1:17 Loom
12:10 Feudal Age
13:38 Double-Bit Axe
13:57 Horse Collar
16:18 Castle Age
15:39 Stone Mining
17:22 Bow Saw
22:38 Wheelbarrow
25:50 Heavy Plow
30:20 Imperial Age
28:01 Scale Barding Armor
28:18 Bloodlines
28:16 Town Watch
28:44 Forging
29:28 Chain Barding Armor
29:36 Husbandry
29:12 Light Cavalry
30:36 Iron Casting
30:36 Elite Iron Pagoda
32:18 Plate Barding Armor
32:15 Conscription
34:00 Blast Furnace
33:43 Hand Cart
34:29 Fortified Wall
36:43 Two-Man Saw
36:13 Crop Rotation
35:47 Heavy Rocket Cart
37:29 Chemistry
37:26 Ballistics
37:12 Siege Engineers
37:03 Murder Holes
38:52 Masonry
38:22 Treadmill Crane
38:27 Hussar
40:09 Hoardings
39:18 Capped Ram
40:29 Architecture
40:04 Siege Engineers
40:34 Fletching
DKing
4:39 Loom
10:14 Feudal Age
13:25 Castle Age
11:41 Double-Bit Axe
12:15 Horse Collar
21:42 Wheelbarrow
23:01 Bow Saw
24:10 Hand Cart
25:30 Town Watch
28:47 Pikeman
33:06 Imperial Age
31:31 Light Cavalry
32:22 Bloodlines
32:13 Husbandry
33:09 Hussar
37:11 Scale Barding Armor
38:23 Gold Mining
38:45 Forging
39:01 Conscription
39:26 Fletching
40:55 Double Crossbow
41:01 Stone Mining
43:02 Bodkin Arrow
42:35 Elite Ballista Elephant
44:09 Ballistics
44:55 Chemistry
43:57 Padded Archer Armor
44:19 Heavy Plow
44:20 Bracer
45:46 Leather Archer Armor
samarth310393
0:28 Loom
11:51 Feudal Age
12:27 Double-Bit Axe
13:31 Gold Mining
20:12 Castle Age
moneyfusion06
4:37 Loom
12:08 Feudal Age
14:08 Double-Bit Axe
16:25 Castle Age
14:29 Horse Collar
17:29 Bow Saw
17:35 Heavy Plow
21:01 Fletching
22:06 Bodkin Arrow
Морозець
0:28 Loom
10:26 Feudal Age
10:54 Double-Bit Axe
10:51 Horse Collar
19:09 Castle Age
20:48 Heavy Plow
21:00 Bow Saw
30:18 Imperial Age
28:34 Gold Mining
30:39 Forging
30:39 Scale Barding Armor
31:29 Conscription
32:27 Iron Casting
32:31 Stone Mining
33:25 Husbandry
33:35 Bloodlines
34:30 Blast Furnace
33:50 Chain Barding Armor
34:02 Elite Jarl
36:17 Wheelbarrow
35:27 Town Watch
36:13 Crop Rotation
36:51 Two-Man Saw
35:22 Capped Ram
37:46 Squires
37:31 Arson
38:53 Gothikon
39:22 Gambesons
44:12 Vendel Legacy
44:20 Cavalier
45:08 Scale Mail Armor
45:43 Plate Barding Armor
Don'tPushTheHorses
0:27 Loom
11:14 Feudal Age
16:30 Castle Age
15:42 Horse Collar
15:48 Double-Bit Axe
24:15 Fervor
27:11 Wheelbarrow
31:25 Imperial Age
29:41 Fortified Wall
30:23 Hand Cart
30:29 Bow Saw
30:24 Heavy Plow
30:48 Town Watch
31:33 Forging
31:23 Scale Mail Armor
33:13 Chemistry
32:21 Siege Engineers
33:27 Two-Man Saw
33:16 Town Patrol
33:39 Conscription
34:41 Iron Casting
34:18 Padded Archer Armor
34:08 Fletching
35:04 Houfnice
39:28 Bodkin Arrow
39:49 Leather Archer Armor
40:26 Caravan
artemjunior
3:07 Loom
11:03 Feudal Age
13:12 Double-Bit Axe
18:44 Fletching
24:16 Castle Age
22:38 Gold Mining
24:39 Crossbowman
25:25 Bodkin Arrow
25:32 Padded Archer Armor
27:06 Ballistics
28:39 Gold Shaft Mining
29:30 Wheelbarrow
28:41 Town Watch
35:18 Imperial Age
33:22 Leather Archer Armor
34:36 Horse Collar
37:10 Squires
36:30 Pikeman
36:46 Arbalester
38:03 Bracer
38:34 Ring Archer Armor
38:05 Scale Mail Armor
38:16 Forging
38:58 Bow Saw
38:28 Halberdier
42:29 Two-Man Saw
43:46 Caravan
44:20 Chain Mail Armor
44:40 Iron Casting
45:10 Chemistry
44:24 Fortified Wall
moor_samara
5:11 Loom
12:28 Feudal Age
13:40 Double-Bit Axe
13:37 Horse Collar
19:14 Castle Age
17:53 Gold Mining
19:26 Forging
19:35 Scale Barding Armor
22:00 Iron Casting
22:08 Bloodlines
24:35 Chain Barding Armor
26:37 Husbandry
34:16 Wheelbarrow
37:10 Imperial Age
34:47 Heavy Plow
34:59 Bow Saw
37:24 Heavy Camel Rider
39:00 Plate Barding Armor
40:16 Conscription
43:10 Blast Furnace
42:01 Fletching
42:12 Padded Archer Armor
44:31 Caravan
45:34 Gold Shaft Mining
44:49 Stone Mining
Connection lost

Rejoining the realm…

Still unreachable

The connection could not be restored.

Session expired

The server has moved on; the page needs a fresh start.